 Dungeon Crawl Stone Soup version 0.24.1-8-ga250c9d538 (webtiles) character file.

Game seed: 17361652830632426, levelgen mode: deterministic

39528 Peloso the Carver (level 13, -1/104 HPs)
             Began as a Demonspawn Fighter on Apr 28, 2020.
             Was the Champion of Okawaru.
             Slain by Frances
             ... wielding a +4 trident of piercing
              (4 damage)
             ... on level 12 of the Dungeon.
             The game lasted 00:42:23 (18069 turns).

Peloso the Carver (Demonspawn Fighter)             Turns: 18069, Time: 00:42:23

Health: -1/104     AC: 29    Str: 27      XL:     13   Next: 69%
Magic:  0/13       EV: 13    Int:  9 (11) God:    Okawaru [******]
Gold:   1316       SH: 29    Dex: 23      Spells: 12/12 levels left

rFire    x . .     SeeInvis .   a - +3 scimitar (flame)
rCold    + . .     Gourm    .   c - +0 large shield
rNeg     + . .     Faith    .   j - +8 orange crystal plate armour {Archmagi, Int+3 Clar}
rPois    .         Spirit   +   (no helmet)
rElec    .         Reflect  .   (no cloak)
rCorr    .         Harm     .   (no gloves)
MR       .....     Clarity  +   v - +1 pair of boots of Pandemonium {-Tele Str+2 Dex+4} Stlth ..........NoTele +
                                G - amulet of regeneration
HPRegen  0.00/turn              P - ring of positive energy
MPRegen  0.26/turn              J - ring of ice

@: mighty, agile, heroism, corroded
A: claws 1, large bone plates 2, berserk 1, dopey 1, low mp 1, powered by pain
1, inhibited regeneration, teleportitis 1, augmentation 2, magic shield, magic
regeneration
a: Heroism, Finesse, Renounce Religion


You were on level 12 of the Dungeon.
You worshipped Okawaru.
Okawaru was exalted by your worship.
You were very hungry.

You visited 3 branches of the dungeon, and saw 17 of its levels.
You also visited: Bailey and Ice Cave.

You collected 1443 gold pieces.
You spent 127 gold pieces at shops.

Inventory:

Hand Weapons
 a - a +3 scimitar of flaming (weapon)
 b - a +1 long sword of slicing
Armour
 c - a +0 large shield (worn)
 j - the +8 orange crystal plate armour (worn) {Archmagi, Int+3 Clar}
   (You found it on level 4 of the Dungeon)

   It affects your intelligence (+3).
   It protects you against confusion.
 v - the +1 pair of boots of Pandemonium (worn) {-Tele Str+2 Dex+4}
   (You found it on level 5 of the Dungeon)

   It affects your strength (+2).
   It affects your dexterity (+4).
   It prevents most forms of teleportation.
 D - a +0 crystal plate armour
Jewellery
 G - an amulet of regeneration (around neck)
 J - a ring of ice (right claw)
 O - a +3 ring of intelligence
 P - a ring of positive energy (left claw)
Wands
 k - a wand of digging (4)
 r - a wand of enslavement (7)
 s - a wand of paralysis (3)
 t - a wand of flame (14)
 w - a wand of disintegration (18)
 y - a wand of acid (38)
 I - a wand of polymorph (15)
Scrolls
 h - 6 scrolls of magic mapping
 l - 6 scrolls of teleportation
 o - 2 scrolls of enchant armour
 q - 2 scrolls of fear
 u - 2 scrolls of amnesia {unknown}
 x - 2 scrolls of identify
 z - 7 scrolls of remove curse
 A - 2 scrolls of noise
 B - 6 scrolls of enchant weapon
 F - 2 scrolls of torment {unknown}
 Q - a scroll of acquirement {unknown}
Potions
 d - a potion of might
 g - a potion of flight
 i - 2 potions of brilliance
 m - a potion of magic
 p - 2 potions of haste
 C - 2 potions of mutation
 E - a potion of lignification {unknown}
 K - 3 potions of cancellation {unknown}
 L - a potion of invisibility
 M - a potion of resistance {unknown}
 N - a potion of agility {unknown}
Miscellaneous
 H - a fan of gales
Comestibles
 f - 29 rations


   Skills:
 + Level 10.3(15.3) Fighting
 + Level 13.4(18.4) Long Blades
 + Level 8.4(13.4) Armour
 + Level 0.7(5.7) Dodging
 + Level 2.4(7.4) Stealth
 + Level 12.3(17.3) Shields
 + Level 2.9 Invocations
 + Level 0.1 Evocations


You had 12 spell levels left.
You didn't know any spells.
Your spell library contained the following spells:

 Spells                   Type           Power        Failure   Level  Hunger
 Apportation              Tloc           #.....       100%        1    ##.....
 Freeze                   Ice            #...         100%        1    ##.....
 Infusion                 Chrm           #...         100%        1    ##.....
 Magic Dart               Conj           #...         100%        1    ##.....
 Sandblast                Erth           #.....       100%        1    ##.....
 Summon Butterflies       Summ           #.......     100%        1    ##.....
 Passwall                 Tmut/Erth      #.......     100%        2    ###....
 Searing Ray              Conj           #.....       100%        2    ###....
 Shroud of Golubria       Chrm/Tloc      #.....       100%        2    ###....
 Song of Slaying          Chrm           #.......     100%        2    ###....
 Throw Frost              Conj/Ice       #.....       100%        2    ###....
 Dazzling Spray           Conj/Hex       #.....       100%        3    ####...
 Ignite Poison            Fire/Tmut/Pois #.......     100%        3    ####...
 Lesser Beckoning         Tloc           #.........   100%        3    ####...
 Ozocubu's Armour         Chrm/Ice       #.......     100%        3    ####...
 Regeneration             Chrm/Necr      #.........   100%        3    ####...
 Spectral Weapon          Hex/Chrm       #.......     100%        3    ####...
 Stone Arrow              Conj/Erth      #.....       100%        3    ####...
 Tukima's Dance           Hex            #.......     100%        3    ####...
 Force Lance              Conj/Tloc      #.......     100%        4    #####..
 Fulminant Prism          Conj/Hex       #.........   100%        4    #####..
 Iskenderun's Mystic Bla  Conj           #.......     100%        4    #####..
 Petrify                  Tmut/Erth      #.......     100%        4    #####..
 Summon Ice Beast         Ice/Summ       #.......     100%        4    #####..
 Throw Icicle             Conj/Ice       #.......     100%        4    #####..
 Alistair's Intoxication  Tmut/Pois      #.......     100%        5    ######.
 Fireball                 Conj/Fire      #.........   100%        5    ######.
 Lee's Rapid Deconstruct  Erth           #.........   100%        5    ######.
 Bolt of Fire             Conj/Fire      #.........   100%        6    #######
 Invisibility             Hex            #.......     100%        6    #######
 Ring of Flames           Chrm/Fire      #.........   100%        7    #######
 Ignition                 Fire           #.........   100%        8    #######


Dungeon Overview and Level Annotations

Branches:
Dungeon (12/15)            Temple (1/1) D:5            Lair (4/6) D:9
 Shoals (0/4) Lair:2       Spider (0/4) Lair:3          Orc (0/2) D:9
 Bailey (visited)           IceCv (visited)

Altars:
Ashenzari
Cheibriados
Dithmenos
Elyvilon
Fedhas
Gozag
Hepliaklqana
Kikubaaqudgha
Makhleb
Nemelex Xobeh
Okawaru
Qazlal
Ru
Sif Muna
Trog
Uskayaw
Vehumet
Wu Jian
Xom
Yredelemnul
Zin
The Shining One

Shops:
D:6 ?   D:11 *

Annotations:
D:12 Frances


Innate Abilities, Weirdness & Mutations

You have sharp fingernails.
You are mostly covered in large bone plates. (SH +6)
You sometimes gain a little power by taking damage.
Your magical and physical power is enhanced at high health.
When hurt, damage is shared between your health and your magic reserves.
You regenerate magic rapidly.
You tend to lose your temper in combat.
You are dopey. (Int -2)
Your magical capacity is low. (-10% MP)
You do not regenerate when monsters are visible.
You are occasionally teleported next to monsters.


Message History

You feel much better. You block something's attack.
You block the sun demon's attack. The rust devil barely misses you.
You block the ufetubus's attack.
The ufetubus hits you but does no damage.
The neqoxec gestures at you.
Strange energies course through your body.
You feel less energetic.
You miss something. Something hits you!
* * * LOW HITPOINT WARNING * * *
x2 You block the sun demon's attack.
The ufetubus barely misses you.
You riposte.
You miss the ufetubus. You block the ufetubus's attack.
The rust devil hits you. The rust devil corrodes you!
The neqoxec hits you but does no damage.
Unknown command.
You feel mightier all of a sudden. Something hits you!
* * * LOW HITPOINT WARNING * * *
You focus on the pain.
You feel agile all of a sudden.
You die...

#.........#...#
#.........#...####
#....^....#.....[.
#.........#.......
#.................
#####.............
.........#....§§§).§.......
.........#..$.§§§§§........
.........#....§5@{§)...###
.........#...#§433§$...#
.).......#...§§§5§§#...#
.........#....§§§§.#...#
.........#..§§§§§§.#...#
....<....#.........#...#
..############.#...#####
...........# ..#....
...........#...#....#


You could see a sun demon, a rust devil, a neqoxec, a quasit and an ufetubus.

Vanquished Creatures
  A war gargoyle (D:10)
  An ice dragon (Lair:4)
  Fannar (D:10)
  2 hydras
  A death knight (D:9)
  Erica (D:8)
  A deep elf knight (D:10)
  Nergalle (Lair:1)
  A phantasmal warrior (D:9)
  A necromancer (IceCv)
  A deep elf mage (D:10)
  An ugly thing (D:10)
  2 manticores
  4 elephants
  A black mamba (Lair:1)
  4 ice statues (IceCv)
  Psyche (D:8)
  A gargoyle (D:11)
  6 spiny frogs
  A centaur skeleton (D:12)
  5 komodo dragons
  A freezing wraith (D:9)
  A rime drake (Lair:4)
  7 ice devils (IceCv)
  3 polar bears (Lair:4)
  3 trolls
  2 hornets
  8 hippogriffs
  12 blink frogs
  31 yaks
  A wyvern (D:8)
  2 wraiths (D:9)
  A steam dragon (D:11)
  5 basilisks
  7 water moccasins
  A soldier ant (D:11)
  An acid dragon (D:12)
  10 porcupines
  6 ice beasts
  13 orc warriors
  An eye of draining (D:10)
  5 phantoms
  3 sky beasts
  4 ogres
  4 wolves
  2 necrophages (D:10)
  10 centaurs
  4 crocodiles
  A big kobold (D:10)
  A gnoll sergeant (D:7)
  15 bullfrogs
  2 wyvern skeletons (D:10)
  11 killer bees
  10 wights
  A howler monkey (D:10)
  4 crimson imps
  2 draconian simulacra (IceCv)
  A quasit (D:7)
  9 jellies
  A centaur zombie (D:6)
  8 hounds
  8 orc priests
  10 orc wizards
  A bullfrog skeleton (D:8)
  A gnoll shaman (D:8)
  4 iguanas
  Jessica (D:3)
  3 worker ants
  A spriggan simulacrum (IceCv)
  3 killer bee zombies
  3 centaur simulacra (IceCv)
  A hound skeleton (D:5)
  A howler monkey zombie (D:6)
  A worker ant zombie (D:8)
  Robin (D:3)
  4 adders
  8 gnolls
  3 naga simulacra (IceCv)
  An ogre simulacrum (IceCv)
  5 shadow imps
  6 oozes
  4 adder skeletons
  An adder zombie (D:8)
  6 worms
  A dart slug (D:1)
  4 leopard geckos
  58 orcs
  8 giant cockroaches
  7 goblins
  16 hobgoblins
  13 jackals
  4 quokkas
  3 ball pythons
  A ball python zombie (D:5)
  9 bats
  6 frilled lizards
  19 kobolds
  A leopard gecko skeleton (D:5)
  A quokka skeleton (D:5)
  A quokka zombie (D:9)
  12 rats
  A spectral orc (D:2)
  A fungus (Lair:3)
495 creatures vanquished.

Vanquished Creatures (others)
  An unseen horror (D:11)
  3 fungi
  A plant (Lair:4)
  4 toadstools (D:3)
9 creatures vanquished.

Grand Total: 504 creatures vanquished

Notes
Turn   | Place    | Note
-------+----------+-------------------------------------------
     0 | D:1      | Peloso the Demonspawn Fighter began the quest for the Orb.
     0 | D:1      | Reached XP level 1. HP: 18/18 MP: 1/1
   103 | D:1      | Gained mutation: When hurt, damage is shared between your
                  | health and your magic reserves. [demonic ancestry]
   103 | D:1      | Reached XP level 2. HP: 21/24 MP: 2/2
   225 | D:1      | Reached skill level 2 in Long Blades
   495 | D:1      | Reached XP level 3. HP: 26/29 MP: 3/3
  1211 | D:2      | Found a glowing silver altar of Zin.
  1357 | D:2      | Found a basalt altar of Yredelemnul.
  1431 | D:2      | Found a glowing golden altar of the Shining One.
  1487 | D:2      | Reached XP level 4. HP: 18/35 MP: 4/4
  2396 | D:3      | Noticed Robin
  2707 | D:3      | Killed Robin
  2779 | D:3      | Noticed Jessica
  2788 | D:3      | Killed Jessica
  2788 | D:3      | Reached skill level 3 in Long Blades
  2788 | D:3      | Gained mutation: You have sharp fingernails. [demonic
                  | ancestry]
  2788 | D:3      | Reached XP level 5. HP: 37/41 MP: 3/5
  3382 | D:4      | Found the +8 orange crystal plate armour {Archmagi, Int+3
                  | Clar}
  3698 | D:4      | Found an ancient bone altar of Kikubaaqudgha.
  3851 | D:4      | Found a white marble altar of Elyvilon.
  3929 | D:5      | Entered Level 5 of the Dungeon
  4035 | D:5      | Noticed a phantom
  4058 | D:5      | Killed a phantom
  4058 | D:5      | Gained mutation: You regenerate magic rapidly. [demonic
                  | ancestry]
  4058 | D:5      | Reached XP level 6. HP: 41/48 MP: 3/6
  4113 | D:5      | Reached skill level 4 in Long Blades
  4579 | D:5      | Got a pair of dazzling boots
  4585 | D:5      | Identified the +1 pair of boots of Pandemonium {-Tele Str+2
                  | Dex+4} (You found it on level 5 of the Dungeon)
  4658 | D:5      | Found a staircase to the Ecumenical Temple.
  4702 | Temple   | Entered the Ecumenical Temple
  4737 | Temple   | Became a worshipper of Warmaster Okawaru
  4917 | D:5      | Found a sparkling altar of Nemelex Xobeh.
  5143 | D:6      | Found an ornate altar of the Wu Jian Council.
  5143 | D:6      | Found a shattered altar of Ashenzari.
  5222 | D:6      | Reached XP level 7. HP: 45/55 MP: 7/7
  5365 | D:6      | Reached skill level 5 in Long Blades
  5567 | D:6      | Reached skill level 5 in Shields
  5702 | D:6      | Found Paar's Magic Scroll Shop.
  5706 | D:6      | Bought a scroll of noise for 15 gold pieces
  5706 | D:6      | Bought a scroll of enchant weapon for 112 gold pieces
  5729 | D:7      | Found a flagged portal.
  5744 | D:7      | Reached XP level 8. HP: 54/61 MP: 6/8
  5787 | Bailey   | Entered a bailey
  5815 | Bailey   | Reached * piety under Okawaru
  5870 | Bailey   | Reached skill level 6 in Long Blades
  6096 | Bailey   | Reached skill level 5 in Fighting
  6495 | Bailey   | Reached skill level 1 in Invocations
  6502 | Bailey   | Gained mutation: You are partially covered in large bone
                  | plates. (SH +4) [demonic ancestry]
  6502 | Bailey   | Reached XP level 9. HP: 48/68 MP: 9/9
  6636 | Bailey   | Reached skill level 7 in Long Blades
  6642 | Bailey   | Reached ** piety under Okawaru
  6671 | Bailey   | Got an iridescent bardiche
  7219 | D:7      | Reached skill level 5 in Armour
  7363 | D:7      | Reached skill level 8 in Long Blades
  8480 | D:8      | Noticed Psyche
  8489 | D:8      | Killed Psyche
  8489 | D:8      | Reached *** piety under Okawaru
  8489 | D:8      | Gained mutation: Your magical and physical power is
                  | slightly enhanced at high health. [demonic ancestry]
  8489 | D:8      | Reached XP level 10. HP: 76/76 MP: 11/11
  8591 | D:8      | Noticed Erica
  8604 | D:8      | Killed Erica
  8604 | D:8      | Reached skill level 1 in Stealth
  9013 | D:8      | Reached **** piety under Okawaru
  9016 | D:8      | Found a bloodstained altar of Trog.
  9018 | D:8      | Found a burning altar of Makhleb.
  9018 | D:8      | Found a hide-covered altar of Uskayaw.
  9024 | D:8      | Found a stormy altar of Qazlal.
  9024 | D:8      | Found a sparkling altar of Nemelex Xobeh.
  9024 | D:8      | Found a shimmering altar of Xom.
  9061 | D:8      | Found an opulent altar of Gozag.
  9068 | D:8      | Reached skill level 9 in Long Blades
  9183 | D:8      | Found a hazy altar of Hepliaklqana.
  9746 | D:9      | Found a staircase to the Lair.
  9881 | D:9      | Noticed a death knight
  9890 | D:9      | Noticed a phantasmal warrior
  9896 | D:9      | Killed a death knight
  9910 | D:9      | Killed a phantasmal warrior
 10317 | D:9      | Reached skill level 10 in Long Blades
 10502 | D:9      | Found a radiant altar of Vehumet.
 10515 | D:9      | Found a sacrificial altar of Ru.
 10680 | D:9      | Gained mutation: You sometimes gain a little power by
                  | taking damage. [demonic ancestry]
 10680 | D:9      | Reached XP level 11. HP: 83/83 MP: 12/12
 10693 | D:9      | Found a staircase to the Orcish Mines.
 10797 | D:9      | Reached ***** piety under Okawaru
 10978 | D:10     | Entered Level 10 of the Dungeon
 11061 | D:10     | Received a gift from Okawaru
 11166 | D:10     | Noticed a green ugly thing
 11180 | D:10     | Killed a green ugly thing
 11240 | D:10     | Noticed a deep elf knight
 11247 | D:10     | Killed a deep elf knight
 11342 | D:10     | Noticed a war gargoyle
 11343 | D:10     | Found the +6 arbalest "Damnation" {damnation}
 11346 | D:10     | Noticed a deep elf mage
 11350 | D:10     | Killed a war gargoyle
 11350 | D:10     | Reached skill level 10 in Shields
 11361 | D:10     | Killed a deep elf mage
 11434 | D:10     | Received a gift from Okawaru
 11437 | D:10     | Reached skill level 11 in Long Blades
 11793 | D:10     | Noticed Fannar
 11800 | D:10     | Killed Fannar
 12077 | D:11     | Found Ruguogu's Elemental Accessories.
 12310 | D:11     | Killed an unseen horror
 12310 | D:11     | Gained mutation: Your magical and physical power is
                  | enhanced at high health. [demonic ancestry]
 12310 | D:11     | Reached XP level 12. HP: 87/94 MP: 13/13
 12862 | D:11     | Identified the +7 bardiche of a wizard's laboratory {chop,
                  | MR+} (You found it in a bailey)
 12913 | Lair:1   | Entered Level 1 of the Lair of Beasts
 13212 | Lair:1   | Noticed Nergalle
 13234 | Lair:1   | Killed Nergalle
 14101 | Lair:2   | Found a staircase to the Shoals.
 14196 | Lair:2   | Noticed an eight-headed hydra
 14205 | Lair:2   | Killed a two-headed hydra
 14205 | Lair:2   | Reached skill level 12 in Long Blades
 14307 | Lair:2   | Got a shimmering quarterstaff
 14882 | Lair:3   | Received a gift from Okawaru
 14931 | Lair:3   | Got a turquoise-encrusted chain mail
 14942 | Lair:3   | Identified the cursed +1 chain mail "Itsoev" {rElec Regen+
                  | Str-5} (You found it on level 3 of the Lair of Beasts)
 15518 | Lair:3   | Gained mutation: You are mostly covered in large bone
                  | plates. (SH +6) [demonic ancestry]
 15518 | Lair:3   | Reached XP level 13. HP: 99/101 MP: 14/14
 15571 | Lair:3   | Found a hole to the Spider Nest.
 15892 | Lair:4   | Found a burning altar of Makhleb.
 15911 | Lair:4   | Found a frozen archway.
 15988 | IceCv    | Entered an ice cave
 16116 | IceCv    | Identified the +9 quarterstaff of Disembowelment {pain,
                  | *Contam +Fly rF+ SInv} (You found it on level 2 of the Lair
                  | of Beasts)
 16221 | IceCv    | Reached skill level 13 in Long Blades
 16431 | IceCv    | Reached skill level 10 in Fighting
 16950 | Lair:4   | Reached ****** piety under Okawaru
 18037 | D:12     | Noticed Frances
 18046 | D:12     | Gained mutation: You are dopey. (Int -2) [a neqoxec]
 18051 | D:12     | Gained mutation: You are occasionally teleported next to
                  | monsters. [a neqoxec]
 18052 | D:12     | Gained mutation: You do not regenerate when monsters are
                  | visible. [a neqoxec]
 18057 | D:12     | HP: 2/104 [something/iron shot (30)]
 18061 | D:12     | Gained mutation: You tend to lose your temper in combat. [a
                  | neqoxec]
 18067 | D:12     | Gained mutation: Your magical capacity is low. (-10% MP) [a
                  | neqoxec]
 18069 | D:12     | HP: 3/104 [something (14)]
 18069 | D:12     | Slain by Frances

Levels and vault maps discovered:
D:1:      dpeg_arrival_more_subterranean_lakeside_camping, layout_basic
D:2:      layout_loops_ring, marbit_many_paths, lemuel_round_altar,
          yredelemnul_forgotten_temple_becter, serial_co_window_serial,
          co_window_paths_b, co_window_corner_a, co_window_corner_a,
          co_window_paths_a, co_window_paths_a, co_window_paths_c,
          co_window_corner_b, co_window_broadway_b, co_window_corner_b,
          co_window_corner_ca, co_window_of_opportunity_c, co_window_4corner_b,
          glass_columns_c, glass_columns_c, glass_columns_a, glass_columns_b,
          glass_columns_a
D:3:      layout_loops_cross, first_ration, minmay_gold_behind_fungi,
          uniq_jessica, uniq_robin
D:4:      layout_cave_pools, kennysheep_little_box,
          nicolae_overflow_hidden_temple, kennysheep_generic_room_8
D:5:      layout_basic, lemuel_crystal_altar, minmay_temple_entry_mist
D:6:      layout_cave_pools, gammafunk_temple_overflow_wave, serial_shops, shop,
          chequers_serial_rivers_marsh
D:7:      layout_basic, enter_bailey_6
D:8:      layout_cave_pods, overflow_temple_1_default, doesnt_xom_only_xom,
          grunt_gozag_statues, uniq_psyche, uniq_erica
D:9:      layout_roguey, amethyst_overflow_temple_binary, lair_entry_dummy,
          david_orc_3
D:10:     minmay_the_grid_3x3 [minmay_the_grid_spin_star,
          minmay_the_grid_minigrid_large, minmay_the_grid_eight,
          minmay_the_grid_square_x, minmay_the_grid_tree,
          minmay_the_grid_broken_lines, minmay_the_grid_spikes,
          minmay_the_grid_mess, minmay_the_grid_prize_diamond_cup],
          layout_irregular_city, hangedman_little_slice_of_home, uniq_fannar
D:11:     layout_basic, nicolae_elemental_shop
D:12:     layout_grid_maze, uniq_frances, uniq_rupert
Temple:   chequers_temple_sunken
Lair:1:   layout_layer_cave, eino_small_chamber_without_monster,
          grunt_megastairs_4, uniq_nergalle
Lair:2:   layout_big_grid, minmay_shoals_entry_beasts, beast_lair_carwin_6
Lair:3:   wander_river, layout_cave_pods, spider_nest_entry_web_field,
          chequers_serial_rivers_large_b
Lair:4:   layout_cave_pods, portal_ice_cave_entry_animals_and_master,
          basic_altar

Skill      XL: |  1  2  3  4  5  6  7  8  9 10 11 12 13 |
---------------+----------------------------------------+-----
Shields        | 3 4 5 6 8 9 10 11 12 | 12.3
Long Blades    | 2 3 4 5 6 8 10 11 12 13 | 13.4
Armour         | 3 4 5 6 7 8 |  8.4
Fighting       | 4 5 6 8 9 10 | 10.3
Invocations    | 1 2 |  2.9
Stealth        | 2 |  2.4
Dodging        | |  0.7
Evocations     | |  0.1

Action                   |  1- 3 |  4- 6 |  7- 9 | 10-12 | 13-15 || total
-------------------------+-------+-------+-------+-------+-------++-------
Melee: Long sword        |   208 |   290 |   578 |    29 |       ||  1105
       Scimitar          |       |       |       |   768 |   316 ||  1084
Invok: Heroism           |       |       |     9 |    10 |     2 ||    21
       Finesse           |       |       |       |       |     1 ||     1
Evoke: Wand              |       |       |     1 |       |       ||     1
  Use: Potion            |     2 |     2 |       |     2 |     6 ||    12
       Scroll            |       |     7 |     2 |     5 |     6 ||    20
 Stab: Paralysed         |       |       |     5 |       |       ||     5
  Eat: Chunk             |     2 |     8 |     7 |    16 |     7 ||    40
       Ration            |       |     1 |     2 |     2 |       ||     5
Armor: Scale mail        |    75 |       |       |       |       ||    75
       Chain mail        |    38 |   103 |       |       |       ||   141
       Crystal plate arm |       |    93 |   464 |   477 |   136 ||  1170
Dodge: Dodged            |    62 |    46 |    48 |    66 |    27 ||   249
Block: Shield            |   138 |   163 |   486 |   652 |   202 ||  1641
       Large shield      |       |       |       |       |    67 ||    67
       Rpst.: Long sword |    23 |    12 |    11 |     1 |       ||    47
       Scimitar          |       |       |       |    19 |     5 ||    24
